TOP OF THE 1ST |
Virginia Cavaliers batting - Pitching for Auburn Tigers : LHP Román Louzao
|
Pitching: LHP Román Louzao
|
|
Batting: RHB Carl Curry
|
0-0: Swinging Strike 0-1: Swinging Strike 0-2: Ball 1-2: Ball 2-2: Fly out, F8 (Flyball, 8RM)
|
Batting: LHB Randy Pérez
|
0-0: Called Strike 0-1: SINGLE (Flyball, 89S)
|
Batting: RHB Mark Whiffen
|
0-0: Called Strike 0-1: Called Strike 0-2: Ball 1-2: Ball Randy Pérez steals 2nd base 2-2: Ball 3-2: Foul Ball, location: 2F 3-2: Strikes out swinging
|
Batting: LHB Marvin MacGruder
|
0-0: Fly out, F7 (Flyball, 7)
|
Top of the 1st over - 0 run(s), 1 hit(s), 0 error(s), 1 left on base; Virginia 0 - Auburn 0 |
BOTTOM OF THE 1ST |
Auburn Tigers batting - Pitching for Virginia Cavaliers : RHP Ben Ellison
|
Pitching: RHP Ben Ellison
|
|
Batting: RHB Bill Petty
|
0-0: Ground out 4-3 (Groundball, 34)
|
Batting: RHB Travis Curtis
|
0-0: Ball 1-0: Ball 2-0: Ball 3-0: Called Strike 3-1: Base on Balls
|
Batting: RHB Robert Porter
|
0-0: Ball 1-0: Called Strike 1-1: Fly out, F8 (Flyball, 8LS)
|
Batting: SHB Bruce MacPherson
|
0-0: Called Strike 0-1: Ball 1-1: Called Strike 1-2: Ground out 4-3 (Groundball, 4MS)
|
Bottom of the 1st over - 0 run(s), 0 hit(s), 0 error(s), 1 left on base; Virginia 0 - Auburn 0 |
TOP OF THE 2ND |
Virginia Cavaliers batting - Pitching for Auburn Tigers : LHP Román Louzao
|
Batting: RHB Bert Larson
|
0-0: Foul Ball, location: 2F 0-1: SINGLE (Line Drive, 89S)
|
Batting: LHB António Machado
|
Balk! Bert Larson to second 0-0: Called Strike 0-1: Foul Ball, location: 2F 0-2: Strikes out swinging
|
Batting: RHB Nick Stephenson
|
0-0: Ball 1-0: Called Strike 1-1: Single, Error in OF, E7, batter to second base Bert Larson scores
|
Batting: LHB Jack Davis
|
0-0: Ball 1-0: Ball 2-0: Foul Ball, location: 2F 2-1: Foul Ball, location: 2F 2-2: Ball 3-2: Foul Ball, location: 2F 3-2: Strikes out looking
|
Batting: LHB Brett Anderson
|
0-0: Ball 1-0: Ball 2-0: Foul Ball, location: 2F 2-1: Foul Ball, location: 2F 2-2: Ball 3-2: Strikes out swinging
|
Top of the 2nd over - 1 run(s), 2 hit(s), 1 error(s), 1 left on base; Virginia 1 - Auburn 0 |
BOTTOM OF THE 2ND |
Auburn Tigers batting - Pitching for Virginia Cavaliers : RHP Ben Ellison
|
Batting: LHB Matt Kennedy
|
0-0: Called Strike 0-1: Swinging Strike 0-2: Ball 1-2: Strikes out swinging
|
Batting: RHB Mike Farley
|
0-0: Called Strike 0-1: Ball 1-1: Ball 2-1: SINGLE (Line Drive, 6) (infield hit)
|
Batting: SHB Andrew Johnson
|
0-0: Called Strike 0-1: Foul Ball, location: 2F 0-2: Ground out 6-3 (Groundball, 6MS) Mike Farley to second
|
Batting: RHB Patrick Stewart
|
0-0: Called Strike 0-1: Ball 1-1: Foul Ball, location: 2F 1-2: Strikes out swinging
|
Bottom of the 2nd over - 0 run(s), 1 hit(s), 0 error(s), 1 left on base; Virginia 1 - Auburn 0 |
TOP OF THE 3RD |
Virginia Cavaliers batting - Pitching for Auburn Tigers : LHP Román Louzao
|
Batting: RHB Carl Curry
|
0-0: Ball 1-0: Ball 2-0: Ball 3-0: Called Strike 3-1: Base on Balls
|
Batting: LHB Randy Pérez
|
0-0: Ball 1-0: Called Strike 1-1: Ball 2-1: Fielders Choice at 2nd, 6-4 (Groundball, 6)
|
Batting: RHB Mark Whiffen
|
0-0: Foul Ball, location: 2F 0-1: Ball 1-1: Foul Ball, location: 2F 1-2: Grounds into double play, 6-4-3 (Groundball, 6M)
|
Top of the 3rd over - 0 run(s), 0 hit(s), 0 error(s), 0 left on base; Virginia 1 - Auburn 0 |
BOTTOM OF THE 3RD |
Auburn Tigers batting - Pitching for Virginia Cavaliers : RHP Ben Ellison
|
Batting: RHB Lou Perry
|
0-0: Ball 1-0: Called Strike 1-1: Ground out 1-3 (Groundball, 15)
|
Batting: RHB Bill Petty
|
0-0: Ball 1-0: Swinging Strike 1-1: Foul Ball, location: 2F 1-2: Ball 2-2: Ball 3-2: Base on Balls
|
Batting: RHB Travis Curtis
|
0-0: Ball 1-0: SINGLE (Line Drive, 56) Bill Petty to second
|
Batting: RHB Robert Porter
|
0-0: Ball Bill Petty is caught stealing 3rd base Travis Curtis to second 1-0: Fly out, F8 (Flyball, 8LXD)
|
Bottom of the 3rd over - 0 run(s), 1 hit(s), 0 error(s), 1 left on base; Virginia 1 - Auburn 0 |
TOP OF THE 4TH |
Virginia Cavaliers batting - Pitching for Auburn Tigers : LHP Román Louzao
|
Batting: LHB Marvin MacGruder
|
0-0: SINGLE (Line Drive, 6MD)
|
Batting: RHB Bert Larson
|
0-0: Called Strike 0-1: DOUBLE (Groundball, 3L) Marvin MacGruder to third
|
Batting: LHB António Machado
|
0-0: Called Strike 0-1: Foul Ball, location: 2F 0-2: Ball Wild Pitch! Marvin MacGruder scores Bert Larson to third 1-2: Ball 2-2: Strikes out swinging
|
Batting: RHB Nick Stephenson
|
0-0: SINGLE (Groundball, 6MD) Bert Larson scores
|
Batting: LHB Jack Davis
|
0-0: Ball 1-0: Swinging Strike 1-1: Foul Ball, location: 2F 1-2: Strikes out swinging
|
Batting: LHB Brett Anderson
|
0-0: Swinging Strike 0-1: Ball 1-1: Fielders Choice at 2nd, 4-6 (Groundball, 4)
|
Top of the 4th over - 2 run(s), 3 hit(s), 0 error(s), 0 left on base; Virginia 3 - Auburn 0 |
BOTTOM OF THE 4TH |
Auburn Tigers batting - Pitching for Virginia Cavaliers : RHP Ben Ellison
|
Batting: SHB Bruce MacPherson
|
0-0: Called Strike 0-1: Ball 1-1: Ball 2-1: Ball 3-1: Foul Ball, location: 2F 3-2: DOUBLE (Groundball, 3L)
|
Pinch Runner at 2nd Anthony Thomas:
|
|
Batting: LHB Matt Kennedy
|
0-0: Ball 1-0: Called Strike 1-1: SINGLE (Line Drive, 34D) Anthony Thomas to third
|
Batting: RHB Mike Farley
|
0-0: Foul Ball, location: 2F 0-1: Called Strike 0-2: Ball 1-2: Ball Wild Pitch! Anthony Thomas scores Matt Kennedy to second 2-2: Foul Ball, location: 2F 2-2: Foul Ball, location: 2F 2-2: Ball 3-2: Strikes out swinging
|
Batting: SHB Andrew Johnson
|
0-0: Called Strike 0-1: Swinging Strike 0-2: Strikes out swinging
|
Batting: RHB Patrick Stewart
|
0-0: Reached on error, E6 (Groundball, 6M) Matt Kennedy to third
|
Batting: RHB Lou Perry
|
0-0: Swinging Strike 0-1: Foul Ball, location: 2F 0-2: Fly out, F9 (Line Drive, 9)
|
Bottom of the 4th over - 1 run(s), 2 hit(s), 1 error(s), 2 left on base; Virginia 3 - Auburn 1 |
TOP OF THE 5TH |
Virginia Cavaliers batting - Pitching for Auburn Tigers : LHP Román Louzao
|
Now at C: Anthony Thomas
|
|
Batting: RHB Carl Curry
|
0-0: Called Strike 0-1: Swinging Strike 0-2: Ball 1-2: Ball 2-2: Ball 3-2: Base on Balls
|
Batting: LHB Randy Pérez
|
0-0: Swinging Strike 0-1: DOUBLE (Line Drive, 7LM) Carl Curry to third
|
Batting: RHB Mark Whiffen
|
0-0: Ball 1-0: Swinging Strike 1-1: Ball 2-1: Ball 3-1: Base on Balls
|
Batting: LHB Marvin MacGruder
|
0-0: Fly out, F9 (Flyball, 89S) Runner from 3rd tags up, SCORES, no throw
|
Batting: RHB Bert Larson
|
0-0: Ball 1-0: Called Strike 1-1: Ball 2-1: Ball 3-1: Base on Balls Randy Pérez to third Mark Whiffen to second
|
Pitching: RHP Carl Woodward
|
|
Batting: LHB António Machado
|
0-0: Fly out, F8 (Line Drive, 8RXD) Runner from 3rd tags up, SCORES, no throw
|
Batting: RHB Nick Stephenson
|
0-0: Swinging Strike 0-1: Ball 1-1: Swinging Strike 1-2: Strikes out looking
|
Top of the 5th over - 2 run(s), 1 hit(s), 0 error(s), 2 left on base; Virginia 5 - Auburn 1 |
BOTTOM OF THE 5TH |
Auburn Tigers batting - Pitching for Virginia Cavaliers : RHP Ben Ellison
|
Batting: RHB Bill Petty
|
0-0: Foul Ball, location: 2F 0-1: Ground out 4-3 (Groundball, 4)
|
Batting: RHB Travis Curtis
|
0-0: Swinging Strike 0-1: Foul Ball, location: 2F 0-2: Fly out, F7 (Flyball, 7)
|
Batting: RHB Robert Porter
|
0-0: SINGLE (Groundball, 56) (infield hit)
|
Batting: SHB Anthony Thomas
|
0-0: Swinging Strike 0-1: Swinging Strike 0-2: Ball 1-2: Ball Robert Porter is caught stealing 2nd base
|
Bottom of the 5th over - 0 run(s), 1 hit(s), 0 error(s), 0 left on base; Virginia 5 - Auburn 1 |
TOP OF THE 6TH |
Virginia Cavaliers batting - Pitching for Auburn Tigers : RHP Carl Woodward
|
Batting: LHB Jack Davis
|
0-0: Ball 1-0: Called Strike 1-1: Ball 2-1: Foul Ball, location: 2F 2-2: Ball 3-2: Foul Ball, location: 2F 3-2: Fly out, F9 (Flyball, 89S)
|
Batting: LHB Brett Anderson
|
0-0: Called Strike 0-1: Ball 1-1: Ball 2-1: Foul Ball, location: 2F 2-2: Foul Ball, location: 2F 2-2: Foul Ball, location: 2F 2-2: Strikes out looking
|
Batting: RHB Carl Curry
|
0-0: Called Strike 0-1: Ball 1-1: Ball 2-1: Fly out, F4 (Line Drive, 4M)
|
Top of the 6th over - 0 run(s), 0 hit(s), 0 error(s), 0 left on base; Virginia 5 - Auburn 1 |
BOTTOM OF THE 6TH |
Auburn Tigers batting - Pitching for Virginia Cavaliers : RHP Ben Ellison
|
Batting: SHB Anthony Thomas
|
0-0: Called Strike 0-1: Ball 1-1: Called Strike 1-2: Ball 2-2: Foul Ball, location: 2F 2-2: Foul Ball, location: 2F 2-2: Ball 3-2: Base on Balls
|
Pitching: RHP Noah O'Donlevy
|
|
Batting: LHB Matt Kennedy
|
0-0: Called Strike 0-1: Foul Ball, location: 2F 0-2: Ball 1-2: Ball 2-2: Strikes out swinging
|
Batting: RHB Mike Farley
|
0-0: Fly out, F6 (Popup, 56D)
|
Batting: SHB Andrew Johnson
|
0-0: Ball 1-0: Ball 2-0: Ball 3-0: Called Strike 3-1: Base on Balls Anthony Thomas to second
|
Batting: RHB Patrick Stewart
|
0-0: Foul Ball, location: 2F 0-1: Ball 1-1: Ball 2-1: Called Strike 2-2: Strikes out swinging
|
Bottom of the 6th over - 0 run(s), 0 hit(s), 0 error(s), 2 left on base; Virginia 5 - Auburn 1 |
TOP OF THE 7TH |
Virginia Cavaliers batting - Pitching for Auburn Tigers : RHP Carl Woodward
|
Batting: LHB Randy Pérez
|
0-0: Called Strike 0-1: Swinging Strike 0-2: Ball 1-2: Strikes out looking
|
Batting: RHB Mark Whiffen
|
0-0: Swinging Strike 0-1: Ball 1-1: Foul Ball, location: 2F 1-2: Strikes out swinging
|
Batting: LHB Marvin MacGruder
|
0-0: Called Strike 0-1: Ball 1-1: Ball 2-1: Ball 3-1: Foul Ball, location: 2F 3-2: Strikes out looking
|
Top of the 7th over - 0 run(s), 0 hit(s), 0 error(s), 0 left on base; Virginia 5 - Auburn 1 |
BOTTOM OF THE 7TH |
Auburn Tigers batting - Pitching for Virginia Cavaliers : RHP Noah O'Donlevy
|
Batting: RHB Lou Perry
|
0-0: Fly out, F9 (Flyball, 89S)
|
Batting: RHB Bill Petty
|
0-0: Foul Ball, location: 2F 0-1: Foul Ball, location: 2F 0-2: Hit by Pitch
|
Batting: RHB Travis Curtis
|
0-0: Ball 1-0: Ball 2-0: Called Strike 2-1: Ball 3-1: Swinging Strike 3-2: Base on Balls Bill Petty to second
|
Batting: RHB Robert Porter
|
0-0: Ball 1-0: Foul Ball, location: 2F 1-1: Ball 2-1: Ball Bill Petty steals 3rd base Travis Curtis to second 3-1: Base on Balls
|
Batting: SHB Anthony Thomas
|
0-0: Grounds into double play, 6-4-3 (Groundball, 6)
|
Bottom of the 7th over - 0 run(s), 0 hit(s), 0 error(s), 2 left on base; Virginia 5 - Auburn 1 |
TOP OF THE 8TH |
Virginia Cavaliers batting - Pitching for Auburn Tigers : RHP Carl Woodward
|
Batting: RHB Bert Larson
|
0-0: Ball 1-0: Swinging Strike 1-1: Called Strike 1-2: Strikes out looking
|
Batting: LHB António Machado
|
0-0: Ball 1-0: Ball 2-0: Fly out, F9 (Flyball, 9D)
|
Batting: RHB Nick Stephenson
|
0-0: Fly out, F9 (Flyball, 9S)
|
Top of the 8th over - 0 run(s), 0 hit(s), 0 error(s), 0 left on base; Virginia 5 - Auburn 1 |
BOTTOM OF THE 8TH |
Auburn Tigers batting - Pitching for Virginia Cavaliers : RHP Noah O'Donlevy
|
Batting: LHB Matt Kennedy
|
0-0: Swinging Strike 0-1: Called Strike 0-2: Strikes out swinging
|
Batting: RHB Mike Farley
|
0-0: Called Strike 0-1: Ball 1-1: Foul Ball, location: 2F 1-2: Ball 2-2: Foul Ball, location: 2F 2-2: Foul Ball, location: 2F 2-2: Ball 3-2: Foul Ball, location: 2F 3-2: Base on Balls
|
Batting: SHB Andrew Johnson
|
0-0: Ball 1-0: Fly out, F8 (Flyball, 8LS)
|
Batting: RHB Patrick Stewart
|
0-0: Ball 1-0: Ball 2-0: Reached on error, E6 (Groundball, 56) Mike Farley to second
|
Batting: RHB Lou Perry
|
0-0: Ball 1-0: Ball 2-0: Swinging Strike 2-1: Foul Ball, location: 2F 2-2: Strikes out swinging
|
Bottom of the 8th over - 0 run(s), 0 hit(s), 1 error(s), 2 left on base; Virginia 5 - Auburn 1 |
TOP OF THE 9TH |
Virginia Cavaliers batting - Pitching for Auburn Tigers : RHP Carl Woodward
|
Batting: LHB Jack Davis
|
0-0: Ball 1-0: SINGLE (Groundball, 4D)
|
Batting: LHB Brett Anderson
|
0-0: Bunted foul 0-1: Bunted foul 0-2: Foul Ball, location: 2F 0-2: Strikes out looking
|
Pitching: LHP Ed Taylor
|
|
Batting: RHB Carl Curry
|
0-0: Foul Ball, location: 2F 0-1: Grounds into double play, 5-4-3 (Groundball, 5)
|
Top of the 9th over - 0 run(s), 1 hit(s), 0 error(s), 0 left on base; Virginia 5 - Auburn 1 |
BOTTOM OF THE 9TH |
Auburn Tigers batting - Pitching for Virginia Cavaliers : RHP Noah O'Donlevy
|
Pitching: RHP Howard Dillon
|
|
Batting: RHB Bill Petty
|
0-0: Ball 1-0: Foul Ball, location: 2F 1-1: Ball 2-1: Swinging Strike 2-2: Foul Ball, location: 2F 2-2: Foul Ball, location: 2F 2-2: Ground out 2-3 (Groundball, 15S)
|
Batting: RHB Travis Curtis
|
0-0: Called Strike 0-1: Ball 1-1: Ball 2-1: Fly out, F5 (Line Drive, 5)
|
Batting: RHB Robert Porter
|
0-0: Fly out, F6 (Line Drive, 56)
|
Bottom of the 9th over - 0 run(s), 0 hit(s), 0 error(s), 0 left on base; Virginia 5 - Auburn 1 |
|